 Dungeon Crawl Stone Soup version 0.26-a0-651-gb41185065b (webtiles) character file.

Game seed: 2751976064092889362

(classic levelgen) 2 EnegeticOcto the Sneak (level 1, 0/20 HPs)
             Began as a Deep Dwarf Delver on Oct 23, 2020.
             Slain by a mummy (11 damage)
             ... in an ossuary.
             The game lasted 00:01:03 (51 turns).

EnegeticOcto the Sneak (Deep Dwarf Delver)            Turns: 51, Time: 00:01:03

Health: 0/20       AC:  3    Str: 15    XL:     1   Next: 33%
Magic:  1/1        EV: 12    Int: 10    God:
Gold:   11         SH:  0    Dex: 14    Spells: 0/0 levels left

rFire    . . .     SeeInvis .   a - +0 hand axe
rCold    . . .     Faith    .   (no shield)
rNeg     . . .     Spirit   .   b - +0 leather armour
rPois    .         Reflect  .   (no helmet)
rElec    .         Harm     .   (no cloak)
rCorr    .         Rampage  .   (no gloves)
MR       .....                  (no boots)
Stlth    +++.......             (no amulet)
HPRegen  0.00/turn              (no ring)
MPRegen  0.07/turn              (no ring)

@: non-regenerating
A: damage resistance, heal wounds, sense surroundings 1, no regeneration
a: Heal Wounds


You were in an ossuary.
You visited 1 branch of the dungeon, and saw 1 of its levels.
You also visited: Ossuary.

You collected 11 gold pieces.

Inventory:

Hand Weapons
 a - a +0 hand axe (weapon)
Armour
 b - a +0 leather armour (worn)
Wands
 g - a wand of digging (3) {@v3}
Scrolls
 c - a scroll of fog
 d - a scroll of magic mapping {@r5}
 e - a scroll of fear
 h - a scroll of identify {unknown}
Potions
 f - a potion of haste {@q4}


   Skills:
 - Level 2.6 Fighting
 + Level 2.5 Axes
 - Level 2.1 Dodging
 - Level 6.0 Stealth


You couldn't memorise any spells.
You didn't know any spells.
Your spell library was empty.

Dungeon Overview and Level Annotations

Branches:
Dungeon (5/15)            Ossuary (1/1)
 Temple: D:4-7

Altars:

Annotations:
D:5 Pikel


Innate Abilities, Weirdness & Mutations

You are resistant to damage.
You can heal yourself by infusing magical energy.
You passively map a small area around you.
You do not regenerate.


Message History

You hear the hiss of flowing sand.
There is an entrance to an ossuary on this level.
Hurry and find it before the portal is buried!
You hear the sound of rushing water.
There is an entrance to a sewer on this level.
Hurry and find it before the portal rusts away!
Welcome, EnegeticOcto the Deep Dwarf Delver.
Will you be the one to retrieve the transcendent Orb of Zot from the depths?
Press ? for a list of commands and other information.
Found a scroll labeled RUOZUA PEZITT.
Found a stone staircase leading down.
Found 11 gold pieces.
A lemure comes into view.
The lemure shouts!
Pikel the Slaver comes into view.
He is wielding a +2 whip of flaming.
Found a scroll labeled RURIHO JUNK.
A giant cockroach comes into view.
You see here a scroll labeled RUOZUA PEZITT.
h - a scroll labeled RUOZUA PEZITT You see here 11 gold pieces.
You now have 11 gold pieces.
Unknown command.
Found a stone staircase leading down.
You open the door. The lemure hits you.
Found a sand-covered staircase.
The lemure hits you but does no damage.
There is an open door here.
There is a sand-covered staircase here.
The lemure hits you.
The world spins around you as you enter the gateway.
You enter an ossuary!
Found a gate leading back out of this place.
There is an empty arch of ancient stone here. 6 zombies come into view.
The hobgoblin zombie moves out of view. x2; The gnoll zombie moves out of view.
Unknown command.
You hit the kobold zombie.
The kobold zombie is heavily damaged.
You hit the hobgoblin zombie. The hobgoblin zombie hits you.
The kobold zombie hits you but does no damage.
You hit the kobold zombie.
You destroy the kobold zombie!
You hit the hobgoblin zombie.
You destroy the hobgoblin zombie! 2 mummies and a zombie come into view.
The hobgoblin zombie hits you but does no damage.
The big kobold zombie moves out of view.
You barely miss the hobgoblin zombie. The hobgoblin zombie barely misses you.
You slash the hobgoblin zombie!
You destroy the hobgoblin zombie!
You slash the hobgoblin zombie!
You destroy the hobgoblin zombie!
You hit the big kobold zombie but do no damage.
The big kobold zombie barely misses you.
You hit the mummy.
The mummy is moderately damaged.
Your leather armour prevents you from hitting the big kobold zombie.
The big kobold zombie closely misses you.
You hit the mummy but do no damage.
The mummy is moderately damaged.
You barely miss the big kobold zombie. The mummy hits you.
You hit the mummy but do no damage.
The mummy is moderately damaged.
The mummy hits you!
Ouch! That really hurt!
* * * LOW HITPOINT WARNING * * *
You feel much better.
You hit the mummy but do no damage.
The mummy is moderately damaged.
Your leather armour prevents you from hitting the big kobold zombie.
The big kobold zombie hits you.
You closely miss the mummy.
The mummy is moderately damaged.
You hit the big kobold zombie. The big kobold zombie hits you.
The mummy closely misses you.
You hit the mummy but do no damage.
The mummy is moderately damaged.
You hit the big kobold zombie. The mummy hits you!
The big kobold zombie hits you.
You hit the mummy.
The mummy is moderately damaged.
You hit the big kobold zombie. The mummy hits you!
Ouch! That really hurt!
You die...

...... *
#....# ,
, ,
,#....#
, ,
,#....#,
* ,
#....# ,
, ,
#....#,
,, ,
#...M# ,
#.ZMZ# ,
,, *
#...@# ,
#.∩∩.# *
###### *
**


You could see 2 mummies, a gnoll zombie and a big kobold zombie.

Vanquished Creatures
  3 hobgoblin zombies (Ossuary)
  A kobold zombie (Ossuary)
4 creatures vanquished.

Notes
Turn   | Place    | Note
-------+----------+-------------------------------------------
     0 | D:5      | EnegeticOcto the Deep Dwarf Delver began the quest for the
                  | Orb.
     0 | D:5      | Reached XP level 1. HP: 20/20 MP: 1/1
     3 | D:5      | Noticed a lemure
     3 | D:5      | Noticed Pikel
    14 | D:5      | Found a sand-covered staircase.
    19 | Ossuary  | Entered an ossuary
    51 | Ossuary  | Slain by a mummy

Illustrated notes

Levels and vault maps discovered:
D:5:      layout_loops_cross, minmay_temple_entry_fiery, gup_sewer_entry_spiral,
          enter_ossuary_5, uniq_pikel
Ossuary:  ossuary_tomb_3

Action                   || total
-------------------------++-------
Melee: Hand axe          ||    13
 Abil: Heal Wounds       ||     1
Armor: Leather armour    ||     3
Dodge: Dodged            ||     4

Table legend: (Time is in decaauts)
 A = Elapsed time spent in this place.
 B = Non-inter-level travel time spent in this place.
 C = Inter-level travel time spent in this place.
 D = Time resting spent in this place.
 E = Time spent auto-exploring this place.
 F = Levels seen in this place.
 G = Mean time per level.
                   A        B        C        D        E       F      G
               +--------+--------+--------+--------+--------+-----+--------+
         Total |     53 |     53 |      0 |      0 |      0 |   2 |   26.5 |
       Dungeon |     19 |     19 |      0 |      0 |      0 |   1 |   19.0 |
       Ossuary |     34 |     34 |      0 |      0 |      0 |   1 |   34.0 |
               +--------+--------+--------+--------+--------+-----+--------+

Top non-repeatable levels by time:
 Ossuary: 34 daAuts
     D:5: 19 daAuts
